 Dungeon Crawl Stone Soup version 0.29.1-1-gd02db6906a (webtiles) character file.

Game seed: 14476950200709807002

8750 raistware the Destroyer (level 11, -10/73 HPs)
             Began as an Octopode Conjurer on Oct 6, 2022.
             Was a Believer of Vehumet.
             Killed from afar by a steam dragon (23 damage)
             ... with a ball of steam
             ... on level 9 of the Dungeon.
             The game lasted 00:37:15 (12782 turns).

raistware the Destroyer (Octopode Conjurer)        Turns: 12782, Time: 00:37:15

Health: -10/73     AC:  1    Str: 14    XL:     11   Next: 35%
Magic:  6/23       EV: 19    Int: 24    God:    Vehumet [**....]
Gold:   337        SH:  0    Dex: 10    Spells: 12/26 levels left

rFire   . . .      SeeInvis .   j - +2 short sword (venom)
rCold   + . .      Faith    .   (no shield)
rNeg    . . .      Spirit   .   (helmet restricted)
rPois   .          Reflect  .   (no amulet)
rElec   .          Harm     .   k - ring of flight
rCorr   .          Rampage  .   D - ring of protection from cold
Will    .....                   E - +6 ring of strength
Stlth   ++++......              z - +4 ring of evasion
HPRegen 0.22/turn               (no ring)
MPRegen 0.18/turn               (no ring)
                                (no ring)
                                (no ring)

@: lethally poisoned (-10 -> -14), flying, very slightly contaminated
A: almost no armour, amphibious, 8 rings, camouflage 1, gelatinous body 1,
(nimble swimmer 1), tentacles
a: Renounce Religion


You were on level 9 of the Dungeon.
You worshipped Vehumet.
Vehumet was pleased with you.
You visited 1 branch of the dungeon, and saw 9 of its levels.
You also visited: Bailey.

You collected 491 gold pieces.
You spent 154 gold pieces at shops.

Inventory:

Hand Weapons
 j - a +2 short sword of venom (weapon)
 x - a +2 quarterstaff of chaos
Missiles
 F - 5 javelins
Jewellery
 k - a ring of flight (left tentacle)
 w - a ring of fire
 z - a +4 ring of evasion (on tentacle)
 D - a ring of protection from cold (right tentacle)
 E - a +6 ring of strength (on tentacle)
Wands
 i - a wand of roots (7)
Scrolls
 e - 2 scrolls of enchant weapon
 f - 5 scrolls of teleportation
 h - 3 scrolls of amnesia
 l - a scroll of brand weapon {unknown}
 o - 7 scrolls of blinking
 p - a scroll of silence
 r - a scroll of magic mapping
 s - 2 scrolls of fear {unknown}
 t - 3 scrolls of poison
 u - 5 scrolls of vulnerability
 y - a scroll of fog {unknown}
 B - 2 scrolls of enchant armour {unknown}
Potions
 a - 3 potions of magic
 b - 3 potions of heal wounds
 c - 3 potions of mutation
 d - 2 potions of curing
 g - a potion of brilliance
 n - 5 potions of invisibility
 q - 6 potions of haste
 v - a potion of flight
 A - a potion of attraction {unknown}
 C - a potion of cancellation {unknown}


   Skills:
 + Level 6.3 Fighting
 + Level 6.9 Dodging
 - Level 5.0 Stealth
 + Level 8.4 Spellcasting
 + Level 12.8 Conjurations
 - Level 2.0 Translocations
 + Level 1.1 Transmutations
 * Level 1.5 Poison Magic
 + Level 6.5 Evocations


You had 12 spell levels left.
You knew the following spells:

 Your Spells              Type           Power      Damage    Failure   Level
a - Magic Dart            Conj           100%       1d8       1%          1
b - Iskenderun's Mystic   Conj/Tloc      45%        2d10      3%          4
c - Irradiate             Conj/Tmut      21%        3d18      10%         5
d - Olgreb's Toxic Radia  Pois           17%        N/A       32%         4

Your spell library contained the following spells:

 Spells                   Type           Power      Damage    Failure   Level
 Freeze                   Ice            40%        1d6       6%          1
 Foxfire                  Conj/Fire      100%       2x1d9     1%          1
 Shock                    Conj/Air       100%       1d9       1%          1
 Searing Ray              Conj           100%       2d8       1%          2
 Conjure Flame            Conj/Fire      40%        6-21      1%          3
 Dazzling Flash           Conj/Hex       80%        N/A       1%          3
 Sting                    Tmut/Pois      64%        1d6       3%          1
 Flame Wave               Conj/Fire      40%        2d11      4%          4
 Fulminant Prism          Conj/Hex       20%        3d13      4%          4
 Poisonous Vapours        Pois/Air       26%        N/A       7%          2
 Passwall                 Tmut/Erth      10%        N/A       8%          2
 Ignite Poison            Fire/Tmut/Pois 14%        N/A       13%         3
 Inner Flame              Hex/Fire       10%        N/A       19%         3
 Swiftness                Air            10%        N/A       19%         3
 Airstrike                Air            5%         2d(1-17)  52%         4
 Blade Hands              Tmut           7%         N/A       73%         5
 Dragon Form              Tmut           7%         N/A       100%        7
 Necromutation            Tmut/Necr      6%         N/A       100%        8


Dungeon Overview and Level Annotations

Branches:
Dungeon (9/15)             Temple (0/1) D:6          Bailey (visited)
   Lair: D:8-11         Orc: D:9-12

Altars:
Nemelex Xobeh
Ru
Sif Muna
Vehumet
Wu Jian
Yredelemnul
Zin
The Shining One

Shops:
D:4 ?   D:5 *

Annotations:
D:9 exclusions: wyvern and yak


Innate Abilities, Weirdness & Mutations

You cannot wear most types of armour.
You are amphibious.
You can wear up to eight rings at the same time.
Your skin changes colour to match your surroundings (Stealth+).
Your rubbery body absorbs attacks. (AC +1, EV +1)
((You are camouflaged when in or above water. (Stealth+)))
You have tentacles for arms and can constrict up to eight enemies at once.


Message History

* * * LOW HITPOINT WARNING * * *
The killer bee misses you.
Casting: Olgreb's Toxic Radiance (dangerous; 34% risk of failure)
Confirm with . or Enter, or press ? or * to list all spells.
You erupt in a blast of force!
The mystic blast hits the killer bee.
The killer bee is heavily wounded.
The killer bee is knocked back by the mystic blast.
The killer bee collides with something!
The killer bee is severely wounded.
You feel sick.
You hear a shout!
A steam dragon comes into view.
The orc wizard gestures at you while chanting.
The puff of flame misses you.
Unknown command.
Unknown command.
Casting: Iskenderun's Mystic Blast (dangerous; 3% risk of failure)
Confirm with . or Enter, or press ? or * to list all spells.
You erupt in a blast of force!
The mystic blast hits the orc priest!
You kill the orc priest!
Vehumet accepts your kill.
The mystic blast hits the killer bee!
You kill the killer bee!
Vehumet accepts your kill.
You feel your power returning.
You feel sick.
Unknown command.
Unknown command.
Casting: Iskenderun's Mystic Blast (dangerous; 3% risk of failure)
Confirm with . or Enter, or press ? or * to list all spells.
You erupt in a blast of force!
The mystic blast hits something!
Vehumet accepts your kill.
You feel your power returning.
Reactivating autopickup.
You feel a bit more experienced.
The mystic blast hits the wyvern!
The wyvern is heavily wounded.
The wyvern is knocked back by the mystic blast.
You feel sick. The steam dragon breathes steam at you.
The ball of steam hits you!!
You die...

.# #..# .# #..#
#.....≈≈o .# #..#
#.....≈≈# ..# #..#
#........ ..###+###..#
#.....≈D# ...........#
#...)§§≈. ...........#
#.))§.§≈o ...........#
#.§§..≈8≈
l........#####@.l..8≈≈
+##...................
#...........$.......
#............?......
#...................
#...................
#......#######......
#......# ......
#......# .....


You could see a wyvern, an orc priest (poisoned) and an orc wizard (poisoned).

Vanquished Creatures
  Prince Ribbit (D:8)
  The ghost of Notanamesir the Cudgeller, an amateur GrFi of Wu Jian (D:4)
  A wraith (D:9)
  A steam dragon (D:8)
  A water moccasin (D:6)
  An orc warrior (D:8)
  A black bear (D:5)
  A sky beast (D:8)
  4 ice beasts
  2 ogres
  A centaur (D:8)
  2 bullfrogs
  A necrophage (D:5)
  10 killer bees
  5 howler monkeys
  5 orc priests
  2 hounds
  4 jellies
  3 iguanas
  Natasha (thrice) (D:2)
  7 orc wizards
  Robin (D:2)
  6 adders
  21 gnolls
  2 white imps
  3 worms
  2 dart slugs (D:1)
  45 orcs
  9 ball pythons
  6 bats
  8 endoplasms
  5 giant cockroaches
  23 goblins
  12 hobgoblins
  4 jackals (D:4)
  4 quokkas
  A frilled lizard (D:1)
  8 kobolds
  20 rats
237 creatures vanquished.

Vanquished Creatures (others)
  A plant (D:3)
1 creature vanquished.

Grand Total: 238 creatures vanquished

Notes
Turn   | Place    | Note
-------+----------+-------------------------------------------
     0 | D:1      | raistware the Octopode Conjurer began the quest for the
                  | Orb.
     0 | D:1      | Reached XP level 1. HP: 11/11 MP: 3/3
   180 | D:1      | Reached XP level 2. HP: 17/17 MP: 1/5
   638 | D:1      | Reached XP level 3. HP: 21/21 MP: 3/7
  2149 | D:2      | Noticed Robin
  2156 | D:2      | Reached XP level 4. HP: 27/27 MP: 7/9
  2376 | D:2      | Killed Robin
  2674 | D:2      | Noticed Natasha
  2682 | D:2      | Killed Natasha
  2683 | D:2      | Reached skill level 1 in Translocations
  2772 | D:2      | Reached XP level 5. HP: 31/31 MP: 8/11
  2949 | D:2      | Noticed Natasha
  2953 | D:2      | Killed Natasha
  3507 | D:2      | Noticed Natasha
  3512 | D:2      | Killed Natasha
  3513 | D:2      | Reached skill level 5 in Conjurations
  3816 | D:3      | Found a faded altar of an unknown god.
  4575 | D:3      | Learned a level 4 spell: Iskenderun's Mystic Blast
  4602 | D:4      | Reached XP level 6. HP: 36/36 MP: 12/12
  5003 | D:4      | Reached skill level 6 in Conjurations
  5141 | D:4      | Found Hosu's Magic Scroll Boutique.
  5296 | D:4      | Bought a scroll of identify for 28 gold pieces
  5296 | D:4      | Bought a scroll of poison for 56 gold pieces
  5296 | D:4      | Bought a scroll of identify for 28 gold pieces
  5296 | D:4      | Bought a scroll of teleportation for 42 gold pieces
  5391 | D:4      | Found a shimmering blue altar of Sif Muna.
  5453 | D:4      | Found a sacrificial altar of Ru.
  5640 | D:4      | Reached XP level 7. HP: 39/41 MP: 4/13
  5749 | D:4      | Noticed Notanamesir's ghost (amateur GrFi)
  5760 | D:4      | Found a transporter.
  5873 | D:4      | Found a transporter.
  6016 | D:4      | Reached skill level 7 in Conjurations
  6423 | D:5      | Entered Level 5 of the Dungeon
  6600 | D:5      | Found a glowing golden altar of the Shining One.
  6869 | D:5      | Found a radiant altar of Vehumet.
  6880 | D:5      | Became a worshipper of Vehumet
  6914 | D:5      | Reached skill level 8 in Conjurations
  6929 | D:5      | Reached skill level 1 in Evocations
  7069 | D:5      | Reached XP level 8. HP: 34/46 MP: 0/14
  7200 | D:5      | Found a basalt altar of Yredelemnul.
  7434 | D:5      | Found Neifogoc's Lightly-Used Armoury.
  8200 | D:6      | Found a glowing silver altar of Zin.
  8292 | D:6      | Found a staircase to the Ecumenical Temple.
  8528 | D:6      | Reached skill level 9 in Conjurations
  8780 | D:6      | Found a runed translucent door.
  8781 | D:6      | Noticed Crazy Yiuf
  8785 | D:6      | Noticed Crazy Yiuf
  8785 | D:6      | Crazy Yiuf changed into Crazy Yiuf the iguana
  8789 | D:6      | Killed Crazy Yiuf the iguana
  9440 | D:7      | Found an ornate altar of the Wu Jian Council.
  9525 | D:7      | Reached skill level 10 in Conjurations
  9671 | D:7      | Found a flagged portal.
  9731 | Bailey   | Entered a bailey
  9961 | Bailey   | Reached XP level 9. HP: 51/51 MP: 15/15
 10155 | Bailey   | Reached * piety under Vehumet
 10155 | Bailey   | Offered knowledge of Foxfire by Vehumet.
 10341 | Bailey   | Reached skill level 11 in Conjurations
 10341 | Bailey   | Reached XP level 10. HP: 35/61 MP: 13/20
 10342 | Bailey   | Reached skill level 12 in Conjurations
 10342 | Bailey   | Reached XP level 11. HP: 41/70 MP: 13/23
 10676 | D:7      | Found a sparkling altar of Nemelex Xobeh.
 11185 | D:4      | Killed Notanamesir's ghost
 11298 | D:8      | Reached skill level 5 in Stealth
 11483 | D:8      | Learned a level 5 spell: Irradiate
 11513 | D:8      | Noticed Maggie
 11519 | D:8      | Noticed Maggie
 11519 | D:8      | Maggie changed into Maggie the ice beast
 11524 | D:8      | Killed Maggie the ice beast
 11995 | D:8      | Learned a level 4 spell: Olgreb's Toxic Radiance
 12029 | D:8      | Got Toubyx's Vellum of Fiery Evolution
 12129 | D:8      | Noticed Prince Ribbit
 12136 | D:8      | Killed Prince Ribbit
 12271 | D:8      | Reached skill level 1 in Poison Magic
 12691 | D:9      | Reached ** piety under Vehumet
 12691 | D:9      | Offered knowledge of Freeze by Vehumet.
 12692 | D:9      | Reached skill level 1 in Transmutations
 12782 | D:9      | Killed from afar by a steam dragon

Illustrated notes

Levels and vault maps discovered:
D:1:      dpeg_arrival_windows_large_door, layout_loops_ring, chequers_avenue
D:2:      layout_basic, uniq_robin, uniq_natasha
D:3:      layout_basic, shapermc_ecumenical_altar_gd, st_stairs_2
D:4:      layout_basic, mainiacjoe_overflow_big_doors, serial_shops, shop,
          gammafunk_ghost_arena, minmay_rat_hole
D:5:      layout_rooms, mainiacjoe_overflow_catwalk,
          nicolae_tso_swordbearing_angel, mainiacjoe_overflow_alcove_1,
          hangedman_abyss_or_decor_passed, minmay_shop_damaged
D:6:      layout_loops_ring, zin_scriptorium, minmay_temple_entry_sparse_star,
          nrook_uturn, uniq_crazy_yiuf_cottage
D:7:      layout_cave_pods, nicolae_wu_jian_wuxing_cycle,
          mainiacjoe_overflow_six_doors_small, enter_bailey_7, eino_tiny_chamber
D:8:      layout_loops_ring, uniq_prince_ribbit1, uniq_maggie
D:9:      layout_irregular_city, trog_wizard, erik_orc_2, chequers_garden

Skill      XL: |  1  2  3  4  5  6  7  8  9 10 11 |
---------------+----------------------------------+-----
Spellcasting   | 3 4 7 8 |  8.4
Translocations | 1 2 |  2.0
Conjurations   | 5 6 8 10 11 12 | 12.8
Stealth        | 3 4 5 |  5.0
Evocations     | 2 4 6 |  6.5
Fighting       | 4 6 |  6.3
Dodging        | 4 6 |  6.9
Poison Magic   | 1 |  1.5
Transmutations | 1 |  1.1

Action                   |  1- 3 |  4- 6 |  7- 9 | 10-12 || total
-------------------------+-------+-------+-------+-------++-------
Melee: Unarmed           |     4 |     2 |       |       ||     6
       Tentacles         |     1 |     5 |    27 |    13 ||    46
       Constrict         |     1 |     9 |    25 |    10 ||    45
       Short sword       |       |    24 |    92 |    45 ||   161
       Punch             |       |       |     2 |     1 ||     3
Throw: Boomerang         |       |     3 |       |       ||     3
 Cast: Magic Dart        |    64 |   149 |   161 |    48 ||   422
       Iskenderun's Myst |       |     1 |    15 |    24 ||    40
       Olgreb's Toxic Ra |       |       |       |     2 ||     2
Evoke: Wand              |       |     1 |    12 |    17 ||    30
  Use: Scroll            |     7 |     4 |     4 |     1 ||    16
       Potion            |       |     1 |     3 |     3 ||     7
 Stab: Sleeping          |       |       |    11 |     1 ||    12
Armor: Skin              |       |     1 |     2 |     3 ||     6
Dodge: Dodged            |     4 |    28 |    72 |    37 ||   141
